 Dungeon Sprint DCSS version 0.31-a0-726-g3c93526463 (webtiles) character file.

Game seed: 4996970871365529969

12532 Conn the Scorcher (level 11, -1/79 HPs)
             Began as an Octopode Fire Elementalist on Sept 11, 2023.
             Was the Champion of Sif Muna.
             Slain by a storm dragon (20 damage)
             ... in the Dungeon (Sprint II: "The Violet Keep of Menkaure").
             The game lasted 00:41:51 (2140 turns).

Conn the Scorcher (Octopode Fire Elementalist)      Turns: 2140, Time: 00:41:52

Health: -1/79      AC:  1    Str: 11    XL:     11   Next: 94%
Magic:  12/29      EV: 15    Int: 31    God:    Sif Muna [******]
Gold:   316        SH:  0    Dex: 12    Spells: 1/38 levels left

rFire   . . .        b - +11 sling of Osuheus {freeze, *Corrode Str+4 Int+6}
rCold   . . .        (no shield)
rNeg    . . .        (helmet restricted)
rPois   .            (no amulet)
rElec   .            j - +6 ring of intelligence
rCorr   .            (no ring)
SInv    .            (no ring)
Will    .....        (no ring)
Stlth   ++++         (no ring)
HPRegen 0.33/turn    (no ring)
MPRegen 0.21/turn    (no ring)
                     (no ring)

%: no teleportation, corrode self (3%), clarity
@: channelling
A: almost no armour, amphibious, 8 rings, camouflage 1, gelatinous body 1,
(nimble swimmer 1), tentacles, clarity, clumsy 1, dopey 1, robust 1
a: Renounce Religion, Channel Magic, Forget Spell, Divine Exegesis


You were in the Dungeon.
You worshipped Sif Muna.
Sif Muna was exalted by your worship.
You visited 1 branch You collected 1722 gold pieces.
You spent 1406 gold pieces at shops.

Inventory:

Hand Weapons
 b - the +11 sling of Osuheus (weapon) {freeze, *Corrode Str+4 Int+6}
   (You bought it in a shop in the Dungeon)

   Str+4:     It affects your strength (+4).
   Int+6:     It affects your intelligence (+6).
   *Corrode:  It may corrode you when you take damage.
 e - the +8 shortbow "Lixacamn" {heavy, rPois rF+ rC- rCorr}
   (You bought it in a shop in the Dungeon)

   rF+:       It protects you from fire.
   rC-:       It makes you vulnerable to cold.
   rPois:     It protects you from poison rCorr: It protects you from acid and
   corrosion.
Missiles
 s - 2 poisoned darts
Jewellery
 j - a +6 ring of intelligence (left tentacle)
Scrolls
 d - a scroll of revelation
 f - a scroll of poison
 g - a scroll of identify
 i - a scroll of fog
 l - 2 scrolls of vulnerability
 m - 2 scrolls of immolation
 p - a scroll of silence
 q - a scroll of fear
Potions
 a - 6 potions of magic
 c - 2 potions of cancellation
 h - a potion of attraction
 n - a potion of heal wounds
 o - 6 potions of enlightenment
 r - a potion of brilliance
 t - 2 potions of curing


   Skills:
 + Level 6.1 Fighting
 - Level 7.5 Ranged Weapons
 + Level 6.5 Dodging
 - Level 6.3 Stealth
 - Level 1.0 Unarmed Combat
 + Level 14.1 Spellcasting
 * Level 11.2 Conjurations
 - Level 3.0 Hexes
 + Level 2.3 Summonings
 + Level 15.7 Fire Magic
 + Level 0.8 Air Magic
 * Level 12.4 Invocations


You had one spell level left.
You knew the following spells:

 Your Spells              Type           Power      Damage    Failure   Level
a - Foxfire               Conj/Fire      100%       2x1d9     0%          1
b - Scorch                Fire           100%       2d9       0%          2
c - Inner Flame           Hex/Fire       68%        N/A       1%          3
d - Flame Wave            Conj/Fire      81%        2d18      1%          4
e - Fireball              Conj/Fire      40%        3d16      1%          5
f - Starburst             Conj/Fire      40%        6d12      1%          6
g - Summon Guardian Gole  Hex/Summ       38%        N/A       2%          3
h - Orb of Destruction    Conj           37%        9d11      19%         7
i - Plasma Beam           Fire/Air       32%        2x1d45    11%         6

Your spell library contained the following spells:

 Spells                   Type           Power      Damage    Failure   Level
 Kiss of Death            Conj/Necr      100%       2d13      1%          1
 Shock                    Conj/Air       100%       1d9       1%          1
 Confusing Touch          Hex            40%        N/A       1%          3
 Hailstorm                Conj/Ice       54%        3d12      1%          3
 Volatile Blastmotes      Fire/Tloc      100%       2d18      1%          3
 Fulminant Prism          Conj/Hex       30%        3d15      1%          4
 Sticky Flame             Conj/Fire      81%        2d9       1%          4
 Lesser Beckoning         Tloc           42%        N/A       3%          2
 Cause Fear               Hex            20%        N/A       6%          4
 Vhi's Electric Charge    Tloc/Air       48%        N/A       19%         4
 Dispel Undead            Necr           21%        3d11      22%         4
 Silence                  Hex/Air        16%        N/A       26%         5
 Spellforged Servitor     Conj/Summ      29%        N/A       75%         7
 Disjunction              Tloc           10%        N/A       100%        8
 Chain Lightning          Conj/Air       28%        3d37      100%        9
 Dragon's Call            Summ           18%        N/A       100%        9
 Fire Storm               Conj/Fire      40%        8d10      100%        9
 Shatter                  Erth           10%        3d12*     100%        9


Dungeon Overview and Level Annotations

Branches:
Dungeon (1/1)

Altars:
Cheibriados
Dithmenos
Elyvilon
Fedhas
Gozag
Hepliaklqana
Kikubaaqudgha
Makhleb
Nemelex Xobeh
Okawaru
Qazlal
Ru
Sif Muna
Trog
Uskayaw
Vehumet
Wu Jian
Xom
Yredelemnul
Zin
The Shining One
Jiyva
Lugonu

Shops:
D [?:=:!?:=(([*(*?[==!(![=([!

Annotations:
D exclusions: ice statue, oklob plant and orange crystal statue


Innate Abilities, Weirdness & Mutations

You cannot wear most types of armour.
You are amphibious.
You can wear up to eight rings at the same time.
Your skin changes colour to match your surroundings (Stealth+).
Your rubbery body absorbs attacks. (AC +1, EV +1)
((You are camouflaged when in or above water. (Stealth+)))
You have tentacles for arms and can constrict up to eight enemies at once.
You possess an exceptional clarity of mind.
You are clumsy. (Dex -2)
You are dopey. (Int -2)
You are robust. (+10% HP)


Message History

Casting: Starburst (dangerous; 1% risk of failure)
Confirm with . or Enter, or press ? or * to list all spells.
Casting: Starburst (dangerous; 1% risk of failure)
Press: ? - help, Dir - look around, f - activate The bolt of fire hits the storm dragon!!
The storm dragon is almost dead.
The storm dragon breathes lightning at you.
The bolt of lightning misses you. The bolt of lightning hits you!
The bolt of lightning hits the storm dragon.
The storm dragon completely resists.
Unknown command.
Unknown command.
Casting: Starburst (dangerous; 1% risk of failure)
Confirm with . or Enter, or press ? or * to list all spells.
You don't have enough magic to cast this spell.
Casting: Starburst (dangerous; 1% risk of failure)
Confirm with . or Enter, or press ? or * to list all spells.
Casting: Flame Wave (safe; 1% risk of failure)
Press: ? - help, Dir - look around, f - activate A wave of flame ripples out!
The flame wave engulfs the storm dragon!!
The storm dragon is almost dead. (Press . to intensify the flame waves.)
The storm dragon bites you but does no damage.
The storm dragon closely misses you. x2
Unknown command.
A wave of flame ripples out!
The flame wave engulfs the storm dragon but does no damage.
The storm dragon is almost dead.
The storm dragon barely misses you. The storm dragon claws you!
The storm dragon tramples you.
* * * LOW HITPOINT WARNING * * *
You hold your ground!
Unknown command.
Unknown command.
A wave of flame ripples out!
The flame wave engulfs the storm dragon.
The storm dragon is almost dead.
You finish channelling waves of flame.
The storm dragon bites you!!
You die...

##∩.......#~~§~)##'##..# #.
##.∩.....∩#§§§§##.####.#### +.
##∩.∩...∩.#§§§§#.##..#....# .
##...∩.∩.∩#§§#D##...####..## #
##..∩.∩.∩.#§##..##'###.##..# +
##...∩.∩..#§##...#.##...#§.# #
##....⌠..§§§+.##:.<.'.##+..####
##........#§##.D##.##...#..§.##
#▓▓▓▓▓▓▓###~##@###'.##.##......
##).$######~~####.)..###~~.....
#?$l#H ##~~~#..#..#~~~~~~§..
#∩P?+H #'#~##...##~~~~~~~~.
#[$. [ #.#~~##+##~~~≈≈§~§~§
#$.$ ####~~~~~~~~~§§≈§≈~~
#+++#+++#~§§§≈§≈≈ ○≈°°≈
##≈§§###§ ≈≈≈≈≈≈≈○○##≈≈# #≈


You could see a storm dragon (catching breath).

Vanquished Creatures
  Kirke (D)
  A cacodemon (D)
  A death yak (D)
  A death drake (D)
  2 deep trolls (D)
  A merfolk siren (D)
  2 unseen horrors (D)
  A yaktaur (D)
  A hornet (D)
  3 polar bears (D)
  4 flying skulls (D)
  3 yaks (D)
  4 neqoxecs (D)
  Menkaure (D)
  4 water moccasins (D)
  2 swamp drakes (D)
  5 necrophages (D)
  4 scorpions (D)
  An iron imp (D)
  A hell rat (D)
  2 spectral adders (D)
45 creatures vanquished.

Vanquished Creatures (collateral kills)
  A great orb of eyes (D)
  A yaktaur captain (D)
  A centaur warrior (D)
  A skeletal warrior (D)
  An elephant (D)
  8 flying skulls (D)
13 creatures vanquished.

Vanquished Creatures (others)
  A kobold demonologist (D)
  73 foxfires (D)
  12 tentacles (D)
86 creatures vanquished.

Grand Total: 144 creatures vanquished

Notes
Turn   | Place    | Note
-------+----------+-------------------------------------------
     0 | D        | Conn the Octopode Fire Elementalist began the quest for the
                  | Orb.
     0 | D        | Reached XP level 1. HP: 11/11 MP: 3/3
     1 | D        | Noticed a neqoxec
     1 | D        | Noticed a neqoxec
     1 | D        | Noticed a neqoxec
     1 | D        | Noticed a neqoxec
     8 | D        | Killed a neqoxec
     9 | D        | Reached skill level 1 in Unarmed Combat
     9 | D        | Reached skill level 6 in Fire Magic
     9 | D        | Reached XP level 2. HP: 15/17 MP: 3/7
     9 | D        | Reached XP level 3. HP: 18/21 MP: 3/9
     9 | D        | Reached XP level 4. HP: 24/27 MP: 3/10
     9 | D        | Reached XP level 5. HP: 28/31 MP: 3/12
    11 | D        | Gained mutation: Your muscles are strong. (Str +4, Int/Dex
                  | -1) [a neqoxec]
    12 | D        | Killed a neqoxec
    13 | D        | Reached skill level 5 in Stealth
    13 | D        | Reached skill level 5 in Conjurations
    13 | D        | Reached skill level 8 in Fire Magic
    13 | D        | Reached XP level 6. HP: 33/36 MP: 3/15
    16 | D        | Gained mutation: You are dopey. (Int -2) [a neqoxec]
    17 | D        | Gained mutation: You are vulnerable to heat. (rF-) [a
                  | neqoxec]
    18 | D        | Killed a neqoxec
    19 | D        | Reached skill level 9 in Fire Magic
    24 | D        | Gained mutation: You are clumsy. (Dex -2) [a neqoxec]
    27 | D        | Gained mutation: You are very clumsy. (Dex -4) [a neqoxec]
    29 | D        | Killed a neqoxec
    30 | D        | Reached skill level 5 in Dodging
    30 | D        | Reached XP level 7. HP: 13/41 MP: 1/17
    39 | D        | Learned a level 2 spell: Scorch
    43 | D        | Learned a level 3 spell: Inner Flame
    48 | D        | Learned a level 4 spell: Flame Wave
    52 | D        | Noticed a flying skull
    52 | D        | Noticed a flying skull
    52 | D        | Noticed a flying skull
    52 | D        | Noticed a flying skull
    52 | D        | Noticed a flying skull
    52 | D        | Noticed a flying skull
    53 | D        | Noticed a flying skull
    53 | D        | Noticed a flying skull
    53 | D        | Noticed Menkaure
    54 | D        | Noticed a flying skull
    54 | D        | Noticed a flying skull
    54 | D        | Noticed a flying skull
    54 | D        | Noticed a flying skull
    57 | D        | Killed Menkaure
    58 | D        | Reached skill level 10 in Fire Magic
    60 | D        | Found Menuorchi's Antique Armour Boutique.
    60 | D        | Found Uginef's Distillery.
    65 | D        | Found Elih's Jewellery Boutique.
    65 | D        | Found Lopsyusk's Antique Weapon Shop.
    66 | D        | Found Nale Soej's Distillery.
    66 | D        | Found Pekhosoc's Antique Armour Shop.
    67 | D        | Found Purhu's Jewellery Boutique.
    68 | D        | Found Kahez's Assorted Antiques.
    68 | D        | Found Hiompata's Magic Scroll Boutique.
    69 | D        | Found Sorghiel's Armour Shop.
    69 | D        | Found Fozugev's Antique Weapon Boutique.
    73 | D        | Found Uffaosun's Book Shop.
    73 | D        | Noticed an iron elemental
    73 | D        | Noticed an oklob plant
    74 | D        | Found Tino's Jewellery Shop.
    74 | D        | Found Sismeufa's Book Boutique.
    74 | D        | Found Nuoziff's Book Shoppe.
    85 | D        | Noticed a manticore
    85 | D        | Noticed a manticore
    85 | D        | Noticed a wyvern
    96 | D        | Bought a dazzling sling for 123 gold pieces
    96 | D        | Identified the +11 sling of Osuheus {freeze, *Corrode Str+4
                  | Int+6} (You bought it in a shop in the Dungeon)
   124 | D        | Noticed an ice statue
   126 | D        | Noticed a merfolk siren
   136 | D        | Found a hazy altar of Hepliaklqana.
   136 | D        | Found a snail-covered altar of Cheibriados.
   137 | D        | Found a stormy altar of Qazlal.
   137 | D        | Found a viscous altar of Jiyva.
   137 | D        | Found a shadowy altar of Dithmenos.
   138 | D        | Found a sacrificial altar of Ru.
   138 | D        | Found an ancient bone altar of Kikubaaqudgha.
   138 | D        | Found a white marble altar of Elyvilon.
   139 | D        | Found an ornate altar of the Wu Jian Council.
   139 | D        | Found a shimmering blue altar of Sif Muna.
   139 | D        | Found a corrupted altar of Lugonu.
   140 | D        | Found a shimmering altar of Xom.
   140 | D        | Found a bloodstained altar of Trog.
   140 | D        | Found a burning altar of Makhleb.
   141 | D        | Found a glowing golden altar of the Shining One.
   141 | D        | Found a basalt altar of Yredelemnul.
   141 | D        | Found a hide-covered altar of Uskayaw.
   143 | D        | Found a glowing silver altar of Zin.
   143 | D        | Found a radiant altar of Vehumet.
   143 | D        | Found a blossoming altar of Fedhas.
   143 | D        | Found a sparkling altar of Nemelex Xobeh.
   144 | D        | Found an opulent altar of Gozag.
   144 | D        | Found an iron altar of Okawaru.
   148 | D        | Became a worshipper of Sif Muna the Loreminder
   161 | D        | Noticed a kraken
   282 | D        | Learned a level 5 spell: Fireball
   486 | D        | Reached skill level 1 in Fighting
   486 | D        | Reached skill level 1 in Ranged Weapons
   486 | D        | Reached skill level 1 in Invocations
   487 | D        | Reached * piety under Sif Muna
   488 | D        | Reached skill level 11 in Fire Magic
   488 | D        | Reached XP level 8. HP: 32/48 MP: 10/20
   491 | D        | Noticed a polar bear
   517 | D        | Noticed a flying skull
   518 | D        | Noticed a flying skull
   518 | D        | Noticed a flying skull
   518 | D        | Noticed a flying skull
   518 | D        | Noticed a flying skull
   518 | D        | Noticed a flying skull
   658 | D        | Noticed a deep troll
   659 | D        | Noticed a deep troll
   674 | D        | Killed a deep troll
   679 | D        | Killed a deep troll
   680 | D        | Reached skill level 5 in Ranged Weapons
   680 | D        | Reached skill level 12 in Fire Magic
   680 | D        | Reached skill level 5 in Invocations
   680 | D        | Reached XP level 9. HP: 54/54 MP: 0/22
   804 | D        | Noticed an orange crystal statue
   834 | D        | Killed a polar bear
   834 | D        | Reached ** piety under Sif Muna
   847 | D        | Noticed a yaktaur
   855 | D        | Killed a yaktaur
   856 | D        | Reached skill level 10 in Spellcasting
   945 | D        | Noticed a hornet
   945 | D        | Noticed a polar bear
   945 | D        | Noticed a polar bear
   965 | D        | Paralysed by a hornet for 2 turns
   967 | D        | Killed a hornet
  1061 | D        | Killed a polar bear
  1064 | D        | Killed a polar bear
  1064 | D        | Reached *** piety under Sif Muna
  1065 | D        | HP: 2/58 [cloud of steam (9)]
  1276 | D        | Noticed a death drake
  1291 | D        | Killed a death drake
  1292 | D        | Reached skill level 13 in Fire Magic
  1292 | D        | Reached XP level 10. HP: 29/65 MP: 5/25
  1488 | D        | Noticed Kirke
  1488 | D        | Noticed a skeletal warrior
  1488 | D        | Noticed a kobold demonologist
  1491 | D        | Noticed a yaktaur captain
  1493 | D        | Noticed a sphinx
  1505 | D        | Killed Kirke
  1505 | D        | Reached **** piety under Sif Muna
  1506 | D        | Reached skill level 5 in Fighting
  1528 | D        | Killed a merfolk siren
  1544 | D        | Reached ***** piety under Sif Muna
  1584 | D        | Reached skill level 14 in Fire Magic
  1584 | D        | Noticed a centaur warrior
  1587 | D        | Killed a centaur warrior
  1587 | D        | Received a gift from Sif Muna
  1588 | D        | Reached skill level 1 in Summonings
  1588 | D        | Reached XP level 11. HP: 72/72 MP: 14/27
  1590 | D        | Noticed a great orb of eyes
  1591 | D        | Reached skill level 10 in Invocations
  1594 | D        | Killed a yaktaur captain
  1594 | D        | Received a gift from Sif Muna
  1594 | D        | Killed a great orb of eyes
  1595 | D        | Reached skill level 10 in Conjurations
  1599 | D        | Killed a skeletal warrior
  1600 | D        | Reached skill level 15 in Fire Magic
  1619 | D        | Got Sif Muna's Monograph on the Fifth Circle and the
                  | Excursion {god gift}
  1639 | D        | Learned a level 6 spell: Starburst
  1641 | D        | Bought a pitted shortbow for 168 gold pieces
  1641 | D        | Identified the +8 shortbow "Lixacamn" {heavy, rPois rF+ rC-
                  | rCorr} (You bought it in a shop in the Dungeon)
  1648 | D        | Bought a potion of mutation for 80 gold pieces
  1648 | D        | Lost mutation: Your muscles are strong. (Str +4, Int/Dex
                  | -1) [potion of mutation]
  1648 | D        | Lost mutation: You are very clumsy. (Dex -4) [potion of
                  | mutation]
  1648 | D        | Gained mutation: You are robust. (+10% HP) [potion of
                  | mutation]
  1648 | D        | Lost mutation: You are vulnerable to heat. (rF-) [potion of
                  | mutation]
  1648 | D        | Gained mutation: You possess an exceptional clarity of
                  | mind. [potion of mutation]
  1658 | D        | Bought a book of Dangerous Friends for 400 gold pieces
  1662 | D        | Learned a level 3 spell: Summon Guardian Golem
  1719 | D        | Bought a scroll labelled SESORGH WASMEOMUZ for 19 gold
                  | pieces
  1719 | D        | Bought a scroll labelled SESORGH WASMEOMUZ for 19 gold
                  | pieces
  1754 | D        | Bought a +6 ring of intelligence for 360 gold pieces
  1794 | D        | Learned a level 7 spell: Orb of Destruction
  1798 | D        | Received a gift from Sif Muna
  1807 | D        | Got Quofac's Reference Book on Limned Thunder {god gift}
  1815 | D        | Learned a level 6 spell: Plasma Beam
  1826 | D        | Noticed a death yak
  1835 | D        | Killed a death yak
  1917 | D        | Reached ****** piety under Sif Muna
  2059 | D        | Found Keduaray's Antique Armour Emporium.
  2059 | D        | Found Jego's Distillery.
  2059 | D        | Found Ruyten's Magic Scroll Shop.
  2059 | D        | Found Tiggienu's Magic Scroll Shoppe.
  2059 | D        | Found Ycoe's Weapon Boutique.
  2060 | D        | Found Jamnuodgh's Jewellery Shoppe.
  2060 | D        | Found Arimp's Assorted Antiques.
  2060 | D        | Found Cuoj Laa's Armour Emporium.
  2060 | D        | Found Temaon's Distillery.
  2060 | D        | Found Recoq Zelide's Weapon Emporium.
  2060 | D        | Found Lovydgh's Jewellery Shop.
  2060 | D        | Found Ywnorhoss's Antique Weapon Shoppe.
  2082 | D        | Bought a scroll of blinking for 105 gold pieces
  2093 | D        | Bought a potion of heal wounds for 60 gold pieces
  2093 | D        | Bought 2 potions of curing for 72 gold pieces
  2111 | D        | Noticed a storm dragon
  2111 | D        | Noticed a golden dragon
  2111 | D        | Noticed a cacodemon
  2112 | D        | Noticed a frost giant
  2112 | D        | Noticed a bone dragon
  2113 | D        | Noticed a deep elf high priest
  2132 | D        | Killed a cacodemon
  2132 | D        | Received a gift from Sif Muna
  2140 | D        | Slain by a storm dragon

Illustrated notes

Levels and vault maps discovered:
D:        the_violet_keep_of_menkaure [sprint2_stairs_cluster_1,
          sprint2_shoproom, sprint2_temple, sprint2_basic_supplies,
          sprint2_obstacle_2, sprint2_obstacle_4, sprint2_obstacle_1,
          sprint2_obstacle_6, sprint2_obstacle_5, sprint2_timed_cluster_1,
          sprint2_smallroom_cluster_1, sprint2_smallroom_final_cluster_1,
          sprint2_transparent_cluster_1, sprint2_second_timed_cluster_1,
          sprint2_sniper_area_1, sprint2_heavy_combat_area_1,
          sprint2_mutation_trap_area_1, sprint2_forest_area_1,
          sprint2_light_combat_area_1, sprint2_behind_water_1,
          sprint2_near_end_vault_1]

Skill      XL: |  1  2  3  4  5  6  7  8  9 10 11 |
---------------+----------------------------------+-----
Dodging        | 3 4 5 6 |  6.5
Stealth        | 4 5 6 |  6.3
Unarmed Combat | 1 |  1.0
Spellcasting   | 4 6 7 8 9 11 12 14 | 14.1
Conjurations   | 3 5 6 7 8 9 11 | 11.2
Fire Magic     | 6 8 9 11 12 13 14 15 | 15.7
Fighting       | 1 4 5 6 |  6.1
Ranged Weapons | 2 5 6 7 |  7.5
Invocations    | 2 5 7 9 12 | 12.4
Hexes          | 3 |  3.0
Summonings     | 1 2 |  2.3
Air Magic      | |  0.8

Action                     |  1- 3 |  4- 6 |  7- 9 | 10-12 || total
---------------------------+-------+-------+-------+-------++-------
  Melee: Unarmed           |     5 |    14 |     1 |       ||    20
         Tentacles         |     1 |     6 |       |       ||     7
         Constrict         |     1 |     3 |     1 |       ||     5
         Punch             |       |     1 |       |       ||     1
   Fire: Sling             |       |       |     2 |    14 ||    16
   Cast: Foxfire           |       |     4 |    29 |    10 ||    43
         Scorch            |       |       |    13 |    16 ||    29
         Flame Wave        |       |       |     5 |     6 ||    11
         Inner Flame       |       |       |     6 |     6 ||    12
         Fireball          |       |       |     4 |     7 ||    11
         Dragon's Call     |       |       |       |     1 ||     1
         Starburst         |       |       |       |     4 ||     4
         Plasma Beam       |       |       |       |     3 ||     3
         Summon Guardian G |       |       |       |     2 ||     2
 Invoke: Channel Magic     |       |       |       |     4 ||     4
         Divine Exegesis   |       |       |       |     1 ||     1
    Use: Potion            |     2 |     1 |     9 |     2 ||    14
         Scroll            |       |       |     9 |     5 ||    14
 Armour: Skin              |     1 |     6 |    22 |    14 ||    43
  Dodge: Dodged            |     1 |     3 |    13 |    12 ||    29

Table legend: (Time is in decaauts)
 A = Elapsed time spent in this place.
 B = Non-inter-level travel time spent in this place.
 C = Inter-level travel time spent in this place.
 D = Time resting spent in this place.
 E = Time spent auto-exploring this place.
 F = Levels seen in this place.
 G = Mean time per level.
                   A        B        C        D        E       F      G
               +--------+--------+--------+--------+--------+-----+--------+
         Total |   2118 |   2116 |      2 |   1119 |      0 |   1 | 2118.0 |
       Dungeon |   2118 |   2116 |      2 |   1119 |      0 |   1 | 2118.0 |
               +--------+--------+--------+--------+--------+-----+--------+

Top non-repeatable levels by time:
       D: 2118 daAuts
